[ AOE2 MATCH · #466461215 ]
UnrankedMalians vs Tupi
[ REPLAY ANALYSIS · EXTRACTED FROM THE RECORDED GAME ]
Feudal
—
Castle
13:20
Imperial
—
| APM avg | 40.3 |
| APM peak | 65 |
| eAPM avg | 20.6 |
| Villagers / military | 25 / 36 |
Focus
⚔️ 33.2% · 🌾 66.8%
Spearman ×19 · Militia ×17
Feudal
—
Castle
12:36
Imperial
—
| APM avg | 32.4 |
| APM peak | 58 |
| eAPM avg | 16.0 |
| Villagers / military | 15 / 0 |
Focus
⚔️ 43.0% · 🌾 57.0%
Unknown (2550) ×44
Feudal
—
Castle
6:46
Imperial
—
| APM avg | 39.5 |
| APM peak | 69 |
| eAPM avg | 18.1 |
| Villagers / military | 27 / 2 |
Focus
⚔️ 28.0% · 🌾 72.0%
Unknown (1949) ×19 · Spearman ×2 · Unknown (1944) ×2
Feudal
—
Castle
10:23
Imperial
—
| APM avg | 53.0 |
| APM peak | 108 |
| eAPM avg | 27.5 |
| Villagers / military | 37 / 34 |
Focus
⚔️ 30.8% · 🌾 69.2%
Knight ×21 · Scout Cavalry ×13
Feudal
—
Castle
—
Imperial
—
| APM avg | 36.6 |
| APM peak | 56 |
| eAPM avg | 23.1 |
| Villagers / military | 22 / 78 |
Focus
⚔️ 37.6% · 🌾 62.4%
Militia ×78
Feudal
—
Castle
9:52
Imperial
—
| APM avg | 39.3 |
| APM peak | 51 |
| eAPM avg | 23.0 |
| Villagers / military | 20 / 21 |
Focus
⚔️ 34.6% · 🌾 65.4%
Spearman ×10 · Knight ×9 · Scout Cavalry ×2
Match map
Initial resources + every placement click. Lines = walls · curves = elevation contours. ◆ gold · ⬟ stone · ● berries · ✦ relic · ◌ wall gap
Your base· Open — unwalled flank
SolomonKane's base· Open — unwalled flank
nono12's base· Open — unwalled flank
trtfakr's base· Open — unwalled flank
Gogolito3000's base· Open — unwalled flank
xoxodniw's base· Open — unwalled flank
Smoothed initial terrain · ◌ = detected wall gap · hover for details
Inputs per minute
— Nux - - SolomonKane
Build order — Nux
119 actions detected in the replay
| 0:16 | Build | House |
| 0:17 | Create | Villager (Male) |
| 0:17 | Create | Villager (Male) |
| 0:20 | Research | Double-Bit Axe |
| 0:40 | Build | Farm |
| 0:43 | Build | House |
| 0:44 | Build | House |
| 0:45 | Create | Militia |
| 0:56 | Build | Farm |
| 0:59 | Create | Villager (Male) |
| 1:06 | Build | Farm |
| 1:07 | Build | Farm |
| 1:09 | Build | Farm |
| 1:27 | Create | Villager (Male) |
| 1:28 | Create | Militia |
| 1:29 | Create | Militia |
| 1:46 | Build | House |
| 1:49 | Build | Palisade Wall |
| 2:07 | Create | Villager (Male) |
| 2:11 | Create | Villager (Male) |
| 2:11 | Create | Villager (Male) |
| 2:13 | Create | Spearman |
| 2:20 | Research | Man-at-Arms (upgrade) |
| 2:25 | Build | Barracks |
| 2:29 | Create | Villager (Male) |
| 3:01 | Build | House |
| 3:01 | Build | House |
| 3:09 | Build | Farm |
| 3:32 | Create | Spearman |
| 3:33 | Create | Spearman |
| 3:42 | Create | Spearman |
| 3:47 | Research | Scale Mail Armor |
| 4:07 | Research | Town Watch |
| 4:13 | Research | Wheelbarrow |
| 4:29 | Create | Spearman |
| 4:43 | Create | Villager (Male) |
| 4:51 | Create | Spearman |
| 4:51 | Create | Spearman |
| 5:07 | Build | Farm |
| 5:07 | Build | Farm |
| 5:07 | Build | Farm |
| 5:07 | Build | Farm |
| 5:28 | Build | Lumber Camp |
| 5:39 | Create | Spearman |
| 5:39 | Create | Spearman |
| 5:42 | Research | Forging |
| 5:55 | Create | Villager (Male) |
| 5:56 | Create | Villager (Male) |
| 6:12 | Create | Villager (Male) |
| 6:12 | Create | Villager (Male) |
| 6:16 | Create | Militia |
| 6:16 | Create | Militia |
| 6:48 | Build | Farm |
| 6:51 | Build | Farm |
| 7:01 | Create | Militia |
| 7:01 | Create | Militia |
| 7:15 | Build | Watch Tower |
| 7:17 | Create | Villager (Male) |
| 7:17 | Create | Villager (Male) |
| 7:44 | Create | Villager (Male) |
| 7:44 | Create | Villager (Male) |
| 7:49 | Create | Militia |
| 7:49 | Create | Militia |
| 8:22 | Create | Militia |
| 8:22 | Create | Militia |
| 8:37 | Build | Mill |
| 8:38 | Build | Farm |
| 8:38 | Build | Farm |
| 8:38 | Build | Farm |
| 8:39 | Build | Farm |
| 8:39 | Build | Farm |
| 8:39 | Build | Farm |
| 8:58 | Create | Militia |
| 8:58 | Create | Militia |
| 9:15 | Build | Market |
| 9:18 | Build | Farm |
| 9:18 | Build | Farm |
| 9:18 | Build | Farm |
| 9:19 | Build | Farm |
| 9:37 | Create | Villager (Male) |
| 9:37 | Create | Villager (Male) |
| 9:41 | Build | Farm |
| 10:32 | Create | Spearman |
| 10:32 | Create | Spearman |
| 10:40 | Research | Castle Age |
| 11:10 | Build | Lumber Camp |
| 11:21 | Create | Militia |
| 11:22 | Create | Militia |
| 11:23 | Create | Spearman |
| 11:23 | Create | Spearman |
| 11:52 | Create | Spearman |
| 11:52 | Create | Spearman |
| 11:52 | Create | Spearman |
| 12:30 | Create | Militia |
| 12:30 | Create | Militia |
| 12:33 | Build | House |
| 12:34 | Build | House |
| 12:35 | Build | House |
| 12:35 | Build | House |
| 12:36 | Research | Gold Mining |
| 12:43 | Build | Mining Camp |
| 12:56 | Research | Stone Mining |
| 13:20 | Age | Castle Age |
| 13:23 | Research | Pikeman (upgrade) |
| 13:24 | Research | Chain Mail Armor |
| 13:28 | Create | Villager (Male) |
| 13:28 | Create | Villager (Male) |
| 13:35 | Build | Town Center |
| 13:43 | Research | Bow Saw |
| 13:49 | Create | Spearman |
| 13:49 | Create | Spearman |
| 13:49 | Create | Spearman |
| 13:54 | Build | Farm |
| 14:02 | Create | Villager (Male) |
| 14:19 | Research | Squires |
| 14:29 | Create | Villager (Male) |
| 14:33 | Create | Villager (Male) |
| 14:33 | Create | Villager (Male) |
| 14:56 | Build | Siege Workshop |
Build order — SolomonKane
95 actions detected in the replay
| 0:02 | Create | Villager (Male) |
| 0:03 | Create | Villager (Male) |
| 0:03 | Create | Villager (Male) |
| 0:06 | Create | Unit 2550 |
| 0:07 | Create | Unit 2550 |
| 0:28 | Build | Barracks |
| 0:38 | Create | Unit 2550 |
| 1:15 | Research | Tech 1402 |
| 1:26 | Build | Settlement |
| 1:31 | Create | Villager (Male) |
| 1:32 | Create | Villager (Male) |
| 1:45 | Research | Scale Mail Armor |
| 2:04 | Build | Farm |
| 2:04 | Build | Farm |
| 2:12 | Create | Villager (Male) |
| 2:31 | Build | House |
| 2:33 | Create | Unit 2550 |
| 2:35 | Create | Unit 2550 |
| 2:37 | Create | Unit 2550 |
| 2:57 | Build | House |
| 3:03 | Build | Farm |
| 3:03 | Build | Farm |
| 3:04 | Build | Farm |
| 3:06 | Create | Villager (Male) |
| 3:07 | Create | Villager (Male) |
| 3:37 | Research | Forging |
| 3:42 | Build | Farm |
| 3:44 | Create | Villager (Male) |
| 3:49 | Build | House |
| 4:38 | Create | Unit 2550 |
| 4:38 | Create | Unit 2550 |
| 4:39 | Create | Unit 2550 |
| 4:39 | Create | Unit 2550 |
| 4:40 | Create | Unit 2550 |
| 4:42 | Create | Unit 2550 |
| 4:48 | Build | Farm |
| 4:48 | Build | Farm |
| 4:49 | Build | Farm |
| 5:46 | Build | Farm |
| 5:46 | Build | Farm |
| 5:47 | Build | Farm |
| 5:48 | Build | Farm |
| 5:50 | Create | Villager (Male) |
| 5:50 | Create | Villager (Male) |
| 6:02 | Build | Settlement |
| 6:39 | Create | Villager (Male) |
| 6:48 | Build | House |
| 7:13 | Create | Villager (Male) |
| 7:18 | Build | House |
| 8:10 | Create | Unit 2550 |
| 8:11 | Create | Unit 2550 |
| 8:11 | Create | Unit 2550 |
| 8:11 | Create | Unit 2550 |
| 8:45 | Create | Unit 2550 |
| 8:46 | Create | Unit 2550 |
| 8:46 | Create | Unit 2550 |
| 8:47 | Create | Unit 2550 |
| 8:48 | Create | Unit 2550 |
| 8:56 | Build | Market |
| 9:31 | Build | Barracks |
| 9:32 | Create | Unit 2550 |
| 9:33 | Create | Unit 2550 |
| 9:34 | Create | Unit 2550 |
| 9:56 | Research | Castle Age |
| 9:57 | Research | Castle Age |
| 10:53 | Research | Horse Collar |
| 12:01 | Create | Unit 2550 |
| 12:02 | Create | Unit 2550 |
| 12:07 | Build | Barracks |
| 12:36 | Age | Castle Age |
| 12:38 | Research | Tech 1351 |
| 12:41 | Research | Iron Casting |
| 12:41 | Research | Chain Mail Armor |
| 12:43 | Create | Villager (Male) |
| 12:43 | Create | Villager (Male) |
| 12:50 | Build | Castle |
| 13:08 | Create | Unit 2550 |
| 13:09 | Create | Unit 2550 |
| 13:09 | Create | Unit 2550 |
| 13:10 | Create | Unit 2550 |
| 13:10 | Create | Unit 2550 |
| 13:11 | Create | Unit 2550 |
| 13:29 | Build | Town Center |
| 14:05 | Create | Unit 2550 |
| 14:06 | Create | Unit 2550 |
| 14:06 | Create | Unit 2550 |
| 14:06 | Create | Unit 2550 |
| 14:07 | Create | Unit 2550 |
| 14:07 | Create | Unit 2550 |
| 14:27 | Create | Unit 2550 |
| 14:28 | Create | Unit 2550 |
| 14:28 | Create | Unit 2550 |
| 14:28 | Create | Unit 2550 |
| 14:29 | Create | Unit 2550 |
| 14:29 | Create | Unit 2550 |
Build order — nono12
96 actions detected in the replay
| 0:00 | Create | Villager (Male) |
| 0:00 | Create | Villager (Male) |
| 0:00 | Create | Villager (Male) |
| 0:13 | Research | Double-Bit Axe |
| 0:34 | Build | House |
| 0:36 | Build | House |
| 0:43 | Create | Villager (Male) |
| 0:50 | Build | House |
| 1:08 | Create | Villager (Male) |
| 1:13 | Build | Farm |
| 1:14 | Build | Farm |
| 1:21 | Build | Farm |
| 1:22 | Build | Farm |
| 1:24 | Build | Farm |
| 1:28 | Create | Villager (Male) |
| 1:34 | Build | House |
| 2:02 | Build | Stable |
| 2:07 | Create | Villager (Male) |
| 2:34 | Create | Villager (Male) |
| 2:43 | Build | Farm |
| 3:02 | Create | Villager (Male) |
| 3:13 | Build | Mining Camp |
| 3:22 | Create | Villager (Male) |
| 4:06 | Research | Castle Age |
| 4:06 | Research | Castle Age |
| 4:45 | Create | Villager (Male) |
| 4:48 | Research | Stone Mining |
| 4:51 | Research | Gold Mining |
| 4:52 | Research | Gold Mining |
| 5:09 | Create | Villager (Male) |
| 5:25 | Research | Horse Collar |
| 6:46 | Age | Castle Age |
| 6:52 | Build | Castle |
| 7:00 | Research | Bow Saw |
| 7:03 | Research | Heavy Plow |
| 7:06 | Research | Bloodlines |
| 7:13 | Build | Farm |
| 7:14 | Build | Farm |
| 7:19 | Create | Spearman |
| 7:19 | Create | Spearman |
| 7:44 | Create | Unit 1944 |
| 8:00 | Build | Farm |
| 8:24 | Build | Lumber Camp |
| 8:26 | Create | Unit 1949 |
| 8:26 | Create | Unit 1949 |
| 8:29 | Create | Villager (Male) |
| 9:00 | Create | Unit 1944 |
| 9:14 | Build | Market |
| 9:46 | Create | Villager (Male) |
| 9:56 | Build | Mining Camp |
| 10:04 | Create | Unit 1949 |
| 10:04 | Create | Unit 1949 |
| 10:07 | Research | Scale Barding Armor |
| 10:09 | Create | Villager (Male) |
| 10:49 | Create | Unit 1949 |
| 10:49 | Create | Unit 1949 |
| 10:52 | Create | Unit 1949 |
| 10:52 | Create | Unit 1949 |
| 10:52 | Create | Unit 1949 |
| 10:55 | Create | Villager (Male) |
| 10:55 | Create | Villager (Male) |
| 10:55 | Create | Villager (Male) |
| 10:58 | Build | Farm |
| 11:01 | Build | Farm |
| 11:02 | Build | Farm |
| 11:03 | Build | Farm |
| 11:04 | Build | Farm |
| 11:05 | Build | Farm |
| 11:34 | Create | Villager (Male) |
| 11:38 | Create | Unit 1949 |
| 11:38 | Create | Unit 1949 |
| 11:58 | Create | Unit 1949 |
| 11:58 | Create | Unit 1949 |
| 12:03 | Create | Villager (Male) |
| 12:05 | Build | Farm |
| 12:07 | Build | Farm |
| 12:21 | Create | Unit 1949 |
| 12:32 | Research | Forging |
| 12:34 | Create | Villager (Male) |
| 12:36 | Build | Farm |
| 12:47 | Build | Farm |
| 12:57 | Create | Unit 1949 |
| 13:21 | Create | Unit 1949 |
| 13:22 | Create | Villager (Male) |
| 13:23 | Create | Villager (Male) |
| 13:38 | Create | Unit 1949 |
| 13:38 | Create | Unit 1949 |
| 13:39 | Create | Villager (Male) |
| 13:39 | Create | Villager (Male) |
| 13:43 | Build | Farm |
| 14:13 | Create | Unit 1949 |
| 14:14 | Create | Villager (Male) |
| 14:16 | Build | Farm |
| 14:18 | Build | Farm |
| 14:27 | Build | Town Center |
| 14:39 | Create | Villager (Male) |
Build order — trtfakr
120 actions detected in the replay
| 0:01 | Create | Villager (Male) |
| 0:01 | Create | Villager (Male) |
| 0:18 | Build | Stable |
| 0:37 | Build | House |
| 0:39 | Build | Palisade Wall |
| 0:44 | Create | Villager (Male) |
| 1:01 | Create | Villager (Male) |
| 1:05 | Build | Stable |
| 1:08 | Create | Scout Cavalry |
| 1:22 | Create | Villager (Male) |
| 1:40 | Research | Forging |
| 1:44 | Create | Scout Cavalry |
| 1:44 | Create | Scout Cavalry |
| 1:48 | Build | Farm |
| 1:49 | Build | Farm |
| 1:56 | Create | Scout Cavalry |
| 1:56 | Create | Scout Cavalry |
| 2:19 | Create | Villager (Male) |
| 2:21 | Build | Farm |
| 2:23 | Build | Barracks |
| 2:27 | Build | Farm |
| 2:41 | Create | Scout Cavalry |
| 2:41 | Create | Scout Cavalry |
| 2:45 | Build | House |
| 2:45 | Build | House |
| 2:56 | Build | Farm |
| 2:57 | Build | Farm |
| 2:59 | Create | Villager (Male) |
| 3:01 | Build | Farm |
| 3:12 | Create | Scout Cavalry |
| 3:13 | Create | Scout Cavalry |
| 3:15 | Create | Villager (Male) |
| 3:34 | Create | Villager (Male) |
| 3:37 | Build | Farm |
| 3:37 | Build | Farm |
| 3:42 | Build | Farm |
| 3:56 | Create | Scout Cavalry |
| 3:56 | Create | Scout Cavalry |
| 4:06 | Build | House |
| 4:09 | Build | House |
| 4:14 | Build | Palisade Wall |
| 4:18 | Create | Scout Cavalry |
| 4:18 | Create | Scout Cavalry |
| 5:00 | Create | Villager (Male) |
| 5:00 | Create | Villager (Male) |
| 5:03 | Build | Farm |
| 5:04 | Build | Farm |
| 5:05 | Build | Farm |
| 5:12 | Build | Farm |
| 5:23 | Build | Farm |
| 5:27 | Create | Villager (Male) |
| 5:28 | Create | Villager (Male) |
| 6:11 | Create | Villager (Male) |
| 6:40 | Build | Lumber Camp |
| 6:49 | Create | Villager (Male) |
| 6:49 | Create | Villager (Male) |
| 6:54 | Build | Farm |
| 6:56 | Build | Farm |
| 7:00 | Build | Farm |
| 7:43 | Research | Castle Age |
| 7:46 | Create | Villager (Male) |
| 7:46 | Create | Villager (Male) |
| 8:08 | Research | Double-Bit Axe |
| 8:08 | Research | Double-Bit Axe |
| 8:21 | Build | Palisade Gate |
| 8:25 | Create | Villager (Male) |
| 8:48 | Research | Scale Barding Armor |
| 8:48 | Research | Scale Barding Armor |
| 10:23 | Age | Castle Age |
| 10:29 | Build | Town Center |
| 10:36 | Build | Palisade Gate |
| 10:40 | Build | Palisade Wall |
| 10:42 | Build | House |
| 10:45 | Build | House |
| 10:49 | Build | Palisade Wall |
| 10:56 | Create | Knight |
| 10:56 | Create | Knight |
| 10:56 | Create | Knight |
| 10:56 | Create | Knight |
| 11:08 | Build | Palisade Wall |
| 11:32 | Create | Knight |
| 11:32 | Create | Knight |
| 11:33 | Create | Knight |
| 11:34 | Research | Husbandry |
| 11:50 | Create | Villager (Male) |
| 11:51 | Create | Villager (Male) |
| 11:51 | Create | Villager (Male) |
| 11:55 | Create | Villager (Male) |
| 11:55 | Create | Villager (Male) |
| 11:55 | Create | Villager (Male) |
| 11:56 | Create | Villager (Male) |
| 11:56 | Create | Villager (Male) |
| 11:57 | Create | Villager (Male) |
| 12:11 | Create | Villager (Male) |
| 12:13 | Create | Villager (Male) |
| 12:14 | Create | Villager (Male) |
| 12:28 | Build | Farm |
| 12:29 | Build | Farm |
| 12:31 | Create | Villager (Male) |
| 12:35 | Build | House |
| 12:40 | Create | Knight |
| 12:40 | Create | Knight |
| 12:40 | Create | Knight |
| 12:40 | Create | Knight |
| 12:59 | Create | Knight |
| 12:59 | Create | Knight |
| 13:32 | Create | Knight |
| 13:32 | Create | Knight |
| 13:32 | Create | Knight |
| 13:50 | Create | Knight |
| 13:51 | Create | Knight |
| 13:53 | Create | Villager (Male) |
| 14:11 | Create | Villager (Male) |
| 14:21 | Build | Town Center |
| 14:28 | Create | Knight |
| 14:28 | Create | Knight |
| 14:28 | Create | Knight |
| 14:28 | Create | Villager (Male) |
| 14:29 | Create | Villager (Male) |
| 14:29 | Create | Villager (Male) |
Build order — Gogolito3000
First 150 of 156 actions detected
| 0:01 | Create | Villager (Male) |
| 0:12 | Research | Double-Bit Axe |
| 0:15 | Create | Militia |
| 0:38 | Create | Villager (Male) |
| 0:42 | Create | Militia |
| 0:50 | Build | Barracks |
| 0:54 | Create | Militia |
| 1:09 | Create | Villager (Male) |
| 1:22 | Research | Horse Collar |
| 1:39 | Create | Villager (Male) |
| 1:45 | Build | House |
| 1:48 | Build | House |
| 2:08 | Research | Scale Mail Armor |
| 2:16 | Create | Militia |
| 2:36 | Build | House |
| 2:38 | Research | Man-at-Arms (upgrade) |
| 2:45 | Create | Militia |
| 3:05 | Create | Villager (Male) |
| 3:19 | Build | Farm |
| 3:19 | Build | Farm |
| 3:20 | Build | Farm |
| 3:20 | Build | Farm |
| 3:20 | Build | Farm |
| 3:21 | Build | Farm |
| 3:21 | Build | Farm |
| 3:22 | Build | Farm |
| 3:22 | Build | Farm |
| 3:22 | Build | Farm |
| 3:33 | Create | Militia |
| 3:33 | Create | Militia |
| 3:34 | Create | Militia |
| 3:53 | Create | Militia |
| 4:14 | Create | Militia |
| 4:15 | Create | Militia |
| 4:16 | Create | Villager (Male) |
| 4:24 | Build | Farm |
| 4:57 | Create | Militia |
| 4:58 | Research | Long Swordsman (upgrade) |
| 5:05 | Build | House |
| 5:08 | Create | Militia |
| 5:09 | Create | Militia |
| 5:15 | Build | Farm |
| 5:22 | Create | Militia |
| 5:22 | Create | Militia |
| 5:34 | Create | Militia |
| 5:44 | Build | House |
| 5:46 | Build | House |
| 5:48 | Create | Villager (Male) |
| 5:49 | Create | Militia |
| 5:49 | Create | Militia |
| 5:57 | Build | Farm |
| 6:24 | Create | Militia |
| 6:24 | Create | Militia |
| 6:28 | Create | Militia |
| 6:31 | Create | Villager (Male) |
| 6:48 | Build | Farm |
| 6:57 | Research | Arson |
| 7:00 | Create | Militia |
| 7:03 | Create | Villager (Male) |
| 7:09 | Research | Forging |
| 7:27 | Create | Militia |
| 7:41 | Create | Militia |
| 7:41 | Create | Militia |
| 7:44 | Create | Villager (Male) |
| 7:51 | Build | Farm |
| 7:52 | Build | Farm |
| 7:52 | Build | Farm |
| 7:53 | Build | Farm |
| 7:53 | Build | Farm |
| 7:54 | Build | Farm |
| 7:54 | Build | Farm |
| 7:54 | Build | Farm |
| 7:55 | Build | Farm |
| 7:55 | Build | Farm |
| 8:08 | Create | Militia |
| 8:09 | Create | Militia |
| 8:09 | Create | Militia |
| 8:19 | Create | Militia |
| 8:35 | Create | Militia |
| 8:35 | Create | Militia |
| 8:35 | Create | Militia |
| 8:45 | Create | Militia |
| 9:04 | Create | Villager (Male) |
| 9:04 | Create | Villager (Male) |
| 9:06 | Create | Militia |
| 9:06 | Create | Militia |
| 9:09 | Build | House |
| 9:10 | Build | House |
| 9:11 | Create | Militia |
| 9:47 | Create | Militia |
| 9:47 | Create | Militia |
| 9:48 | Create | Villager (Male) |
| 9:49 | Create | Villager (Male) |
| 10:07 | Create | Militia |
| 10:07 | Create | Militia |
| 10:31 | Create | Militia |
| 10:32 | Create | Militia |
| 10:32 | Create | Militia |
| 10:40 | Create | Militia |
| 10:41 | Create | Militia |
| 10:45 | Build | House |
| 11:07 | Create | Militia |
| 11:08 | Create | Militia |
| 11:19 | Create | Villager (Male) |
| 11:19 | Create | Villager (Male) |
| 11:53 | Create | Militia |
| 11:53 | Create | Militia |
| 11:54 | Create | Villager (Male) |
| 11:54 | Create | Villager (Male) |
| 11:59 | Build | Farm |
| 12:04 | Build | Mill |
| 12:07 | Build | Farm |
| 12:07 | Build | Farm |
| 12:07 | Build | Farm |
| 12:08 | Build | Farm |
| 12:15 | Create | Militia |
| 12:16 | Create | Militia |
| 12:16 | Create | Militia |
| 12:30 | Create | Militia |
| 12:30 | Create | Militia |
| 12:31 | Create | Villager (Male) |
| 12:44 | Create | Militia |
| 12:44 | Create | Militia |
| 12:59 | Create | Militia |
| 12:59 | Create | Militia |
| 13:11 | Create | Militia |
| 13:12 | Create | Militia |
| 13:32 | Create | Militia |
| 13:32 | Create | Militia |
| 13:40 | Create | Militia |
| 13:41 | Create | Villager (Male) |
| 13:41 | Create | Villager (Male) |
| 14:06 | Create | Militia |
| 14:06 | Create | Militia |
| 14:06 | Create | Militia |
| 14:10 | Create | Villager (Male) |
| 14:19 | Build | Mill |
| 14:22 | Build | Farm |
| 14:23 | Build | Farm |
| 14:23 | Build | Farm |
| 14:23 | Build | Farm |
| 14:24 | Build | Farm |
| 14:24 | Build | Farm |
| 14:24 | Build | Farm |
| 14:25 | Build | Farm |
| 14:33 | Create | Militia |
| 14:33 | Create | Militia |
| 14:33 | Create | Militia |
| 14:34 | Create | Militia |
| 14:34 | Create | Militia |
Build order — xoxodniw
78 actions detected in the replay
| 0:08 | Create | Villager (Male) |
| 0:08 | Create | Villager (Male) |
| 0:17 | Research | Double-Bit Axe |
| 0:38 | Build | Market |
| 0:41 | Create | Spearman |
| 0:41 | Create | Spearman |
| 0:48 | Create | Villager (Male) |
| 1:07 | Create | Spearman |
| 1:13 | Research | Gold Mining |
| 1:14 | Research | Gold Mining |
| 1:28 | Create | Villager (Male) |
| 1:41 | Create | Villager (Male) |
| 2:04 | Research | Horse Collar |
| 2:05 | Research | Horse Collar |
| 2:14 | Create | Villager (Male) |
| 2:14 | Create | Villager (Male) |
| 2:27 | Create | Spearman |
| 2:36 | Create | Villager (Male) |
| 3:02 | Create | Villager (Male) |
| 3:11 | Create | Spearman |
| 3:19 | Build | Mill |
| 3:21 | Create | Villager (Male) |
| 3:43 | Create | Spearman |
| 3:46 | Research | Scale Mail Armor |
| 3:47 | Research | Scale Mail Armor |
| 3:50 | Build | Farm |
| 3:51 | Build | Farm |
| 4:04 | Create | Villager (Male) |
| 4:06 | Build | Farm |
| 4:07 | Build | Farm |
| 4:08 | Build | Farm |
| 4:27 | Create | Spearman |
| 4:42 | Create | Villager (Male) |
| 4:43 | Build | Farm |
| 4:44 | Build | Farm |
| 4:55 | Create | Spearman |
| 5:00 | Create | Villager (Male) |
| 5:14 | Create | Spearman |
| 5:15 | Create | Villager (Male) |
| 5:28 | Build | Watch Tower |
| 5:35 | Create | Spearman |
| 5:38 | Research | Fletching |
| 5:38 | Research | Fletching |
| 5:39 | Create | Villager (Male) |
| 5:40 | Build | Farm |
| 5:41 | Build | Farm |
| 6:22 | Create | Villager (Male) |
| 6:41 | Build | Mining Camp |
| 6:47 | Create | Villager (Male) |
| 7:08 | Research | Castle Age |
| 7:08 | Research | Castle Age |
| 7:22 | Build | Lumber Camp |
| 7:34 | Build | Stable |
| 7:41 | Research | Scale Barding Armor |
| 7:41 | Research | Scale Barding Armor |
| 8:17 | Create | Scout Cavalry |
| 8:17 | Create | Scout Cavalry |
| 8:19 | Research | Forging |
| 8:19 | Research | Forging |
| 9:07 | Build | Stable |
| 9:51 | Build | Mining Camp |
| 9:52 | Age | Castle Age |
| 10:17 | Create | Knight |
| 10:17 | Create | Knight |
| 10:49 | Build | Mining Camp |
| 10:54 | Research | Wheelbarrow |
| 10:54 | Research | Wheelbarrow |
| 11:07 | Create | Knight |
| 11:08 | Create | Knight |
| 11:37 | Build | Mining Camp |
| 11:50 | Create | Villager (Male) |
| 12:28 | Create | Villager (Male) |
| 12:33 | Create | Knight |
| 12:33 | Create | Knight |
| 12:41 | Create | Villager (Male) |
| 13:43 | Create | Knight |
| 14:19 | Create | Knight |
| 14:19 | Create | Knight |
Match timeline
| 0:18 | trtfakr · first_building Stable |
| 0:28 | SolomonKane · first_building Barracks |
| 0:39 | trtfakr · wall_segment Palisade Wall x3 |
| 0:50 | Gogolito3000 · first_building Barracks |
| 1:49 | Nux · wall_segment Palisade Wall x1 |
| 2:02 | nono12 · first_building Stable |
| 2:23 | trtfakr · first_building Barracks |
| 2:25 | Nux · first_building Barracks |
| 4:14 | trtfakr · wall_segment Palisade Wall x5 |
| 5:04 | xoxodniw · first_market_buy 100 food |
| 6:46 | nono12 · age_up castle |
| 6:52 | nono12 · first_building Castle |
| 7:06 | xoxodniw · first_market_sell 100 wood |
| 7:34 | xoxodniw · first_building Stable |
| 9:52 | xoxodniw · age_up castle |
| 10:03 | nono12 · first_market_buy 100 food |
| 10:23 | trtfakr · age_up castle |
| 10:38 | Nux · first_market_buy 100 food |
| 10:40 | trtfakr · wall_segment Palisade Wall x1 |
| 10:49 | trtfakr · wall_segment Palisade Wall x2 |
| 11:08 | trtfakr · wall_segment Palisade Wall x1 |
| 12:36 | SolomonKane · age_up castle |
| 12:50 | SolomonKane · first_building Castle |
| 13:19 | SolomonKane · first_market_buy 100 wood |
| 13:20 | Nux · age_up castle |
| 14:49 | SolomonKane · resign |
| 14:56 | Nux · first_building Siege Workshop |
[ AI ANALYSIS · 1 CREDIT ]
What really happened in this match?
Wolo.gg analyzes every decision: build order, eco, micro, common mistakes by bracket. Personalized analysis on WhatsApp or Discord in 30 seconds.
Civ guide
Malians
Perfil
Jugador #1257972